TKirby, neutral female human Wizard ------ --------- -------- |....| #-.......| |......| ----- |....| -------------- |.......| |....<.| #....-####|+...|#######.............| |.......| |......| #%#|(..|### |.....# |.....%.%..#..####...{....| |......| # |...|# # ----.-# #-............| |.......| |......| ### |...|# ######### ###|............| -.------- |......| # -----# # # # -----------.-- ### -.------ ### # ### # ### # # #### # # # # # ### ### # ### # ### ### # # ## # # # # ### ## --.--### ### # ##### # -|-------- |.>(|# #----.----# q #### |........| |...|# #........|# [@# -----.--- |[[[[[)[[| |...-# |.......|* # |.......| |[[))[[[[| ----- |.......|# ##........| ---------- |......)-# |.......| --------- --------- TKirby the Conjurer Experience level: 5 Strength: 9 Dexterity: 13 Constitution: 17 Intelligence: 18 Wisdom: 10 Charisma: 10 Health: 0(40) Energy: 47(48) Def: 1 Gold: 567 Moves: 2611 Dungeon seed: r8JHcVe3dSBY7Ch6 Game ID: TKirby_1504874369 Your Inventory: Coins $ - 567 gold pieces Weapons a - a blessed +1 quarterstaff (weapon in hands) n - a +0 short sword (alternate weapon; not wielded) Armor e - an uncursed +0 cloak of magic resistance (being worn) Comestibles s - an uncursed food ration t - an uncursed carrot Scrolls i - 3 uncursed scrolls of scare monster u - an uncursed scroll of identify w - an uncursed scroll of remove curse F - an uncursed scroll of create monster Spellbooks k - a blessed spellbook of force bolt l - an uncursed spellbook of sleep o - an uncursed spellbook of detect treasure Potions f - an uncursed potion of see invisible g - an uncursed potion of extra healing r - 2 cursed potions of levitation v - an uncursed potion of oil I - an uncursed potion of gain ability Rings c - an uncursed ring of conflict d - an uncursed ring of slow digestion Wands b - a wand of secret door detection (0:10) A - a wand of digging (0:5) D - a wand of teleportation (0:8) Tools m - an uncursed blindfold B - an uncursed beartrap H - an uncursed skeleton key Gems q - an uncursed worthless piece of violet glass Spells and supernatural/magical abilities: Name Level Category Fail Memory a - force bolt 1 attack 0% 87% z - sleep 1 enchantment 0% 87% G - detect treasure 4 divination 100% 89% R - restore ability 4 healing 100% 96% W - pray for help -- divine ? -- Your skills at the end: Fighting Skills Weapon Skills quarterstaff [Basic] Spellcasting Skills attack spells [Basic] enchantment spells [Basic] Final Attributes: You were piously aligned. You were magic-protected. You were telepathic. You were lucky. You are dead. Vanquished creatures: a small mimic a gray ooze a floating eye a kobold shaman a rothe 2 wererats an iguana a coyote a hobgoblin a giant rat 3 geckos 2 jackals a fox 2 kobolds a goblin 8 sewer rats 3 grid bugs 2 bats 7 lichens 6 newts 46 creatures vanquished. Voluntary challenges: You had did not eat until turn 1831. You had followed a strict vegan diet until turn 2105. You had followed a strict vegetarian diet until turn 2105. You used a wielded weapon 60 times, starting on turn 56. You read items or engraved 34 times, starting on turn 297. You never genocided any monsters. You never polymorphed an object. You never changed form. You used no wishes. You never split a pudding. You never wrote Elbereth's name. You never violated your personal moral code. Dungeon overview: The Dungeons of Doom: levels 1 to 5 Level 1 a fountain a long staircase Level 2 a general store, some fountains Level 3 Level 4 a long staircase Level 5 <- You were here an armor shop, a fountain, a sink History has recorded: On T:1 you entered the Dungeons of Doom to retrieve the Amulet of Yendor! On T:482 you reached level 2 of The Dungeons of Doom. On T:835 you advanced to experience level 2. On T:990 you advanced to experience level 3. On T:1006 you reached level 3 of The Dungeons of Doom. On T:1457 you reached level 4 of The Dungeons of Doom. On T:1638 you advanced to experience level 4. On T:2134 you reached level 5 of The Dungeons of Doom. On T:2359 you advanced to experience level 5. Score breakdown: Gold: 567 ( 9369 points) Experience: 5 levels (11141 points) Exploration: 5 levels ( 10.20%) ( 8660 points) Discoveries: 6 items ( 2.08%) ( 4330 points) Valuables value: (no points given unless you survive) Artifact value: 0 ( 0 points) Variety of kills: 20 monsters ( 5.25%) ( 6873 points) Turncount: 2611 turns ( -394 points) Survival: died (score multiplied by 80%) Total score: 31983 Latest messages: The rothe bites! (2x) You miss the rothe. The rothe hits! The rothe bites! (2x) You drop a banded mail. Your movements are now unencumbered. The rothe hits! The rothe bites! (2x) You begin praying to Thoth. You are surrounded by a shimmering light. The rothe starts to attack you, but pulls back. (2x) You feel that Thoth is well-pleased. You feel in good health again. You kill the rothe! You see here a rothe corpse. You see here a banded mail. The rothe hits! The rothe bites! (2x) You die... Final status: Goodbye TKirby the Wizard, killed by a rothe... You died in The Dungeons of Doom on dungeon level 5 with 31983 points, and 567 pieces of gold, after 2611 moves. You were level 5 with a maximum of 40 hit points when you died.